 Dungeon Crawl Stone Soup version 0.29-a0-271-gd4eb659eea (webtiles) character file.

Game seed: 14582635702263130647

4 croobank the Sneak (level 1, -2/10 HPs)
             Began as a Felid Delver on Mar 8, 2022.
             Slain by a worm (12 damage)
             ... on level 2 of the Dungeon on Mar 9, 2022.
             The game lasted 00:04:36 (428 turns).

croobank the Sneak (Felid Delver)                    Turns: 428, Time: 00:04:37

Health: -2/10      AC:  1    Str:  8    XL:     1   Next: 58%
Magic:  2/2        EV: 17    Int: 11    God:
Gold:   32         SH:  0    Dex: 17    Spells: 0/0 levels left
                                        Lives:  0   Deaths: 0

rFire   . . .      SeeInvis +     - Unarmed
rCold   . . .      Faith    .   (shield unavailable)
rNeg    . . .      Spirit   .   (body armour unavailable)
rPois   .          Reflect  .   (helmet unavailable)
rElec   .          Harm     .   (cloak unavailable)
rCorr   .          Rampage  .   (gloves unavailable)
Will    .....                   (boots unavailable)
Stlth   ++++......              (no amulet)
HPRegen 0.03/turn               (no ring)
MPRegen 0.08/turn               (no ring)

@: quick
A: very small, claws 1, fangs 3, see invisible, speed 1, shaggy fur 1, stealthy
paws, no weapons or thrown items, no armour, multi-lived
a: no special abilities


You were on level 2 of the Dungeon.
You visited 1 branch of the dungeon, and saw 4 of its levels.

You collected 32 gold pieces.

Inventory:

Wands
 e - a wand of digging (1)
Scrolls
 a - a scroll of fog
 b - a scroll of noise {unknown}
Potions
 c - a potion of flight {unknown}
 f - a potion of cancellation {unknown}


   Skills:
 + Level 3.0 Fighting
 + Level 2.8 Dodging
 + Level 6.7 Stealth
 + Level 2.1 Unarmed Combat


You couldn't memorise any spells.
You didn't know any spells.
Your spell library was empty.

Dungeon Overview and Level Annotations

Branches:
Dungeon (5/15)
 Temple: D:4-7

Altars:


Innate Abilities, Weirdness & Mutations

You have sharp claws.
You have razor-sharp teeth.
You have supernaturally acute eyesight. (SInv)
You cover ground quickly. (Speed+)
You are covered in fur. (AC +1)
Your paws help you pounce on unaware monsters.
You are incapable of wielding weapons or throwing items.
You cannot wear armour.
You gain extra lives every three experience levels.


Message History

You scratch the hobgoblin.
The hobgoblin is almost dead.
The hobgoblin closely misses you.
You scratch the hobgoblin but do no damage.
The hobgoblin is almost dead.
An endoplasm comes into view.
The hobgoblin misses you.
You scratch the hobgoblin.
You kill the hobgoblin!
An endoplasm is nearby!
You scratch the endoplasm.
You kill the endoplasm!
You start resting.
HP restored.
c - a fuming orange potion You now have 24 gold pieces (gained 11).
An adder comes into view.
Found 14 gold pieces.
Found 8 gold pieces.
You now have 32 gold pieces (gained 8).
An orc comes into view. It is wielding a +0 club.
The orc moves out of view.
The orc shouts!
A worm comes into view.
You completely miss the worm. The worm closely misses you.
You scratch the worm.
The worm is lightly wounded.
You scratch the worm.
The worm is heavily wounded.
The worm barely misses you.
You scratch the worm.
The worm is heavily wounded.
The worm closely misses you.
You scratch the worm. You bite the worm, but do no damage.
The worm is heavily wounded.
You barely miss the worm.
The worm is heavily wounded.
The worm bites you!
Ouch! That really hurt!
You die...

....# #....# ####
##.....## ##...
........## #....
.........# ##########..#
.........# #...........#
......w..###.#########.#
.......@.....# #.#
.............#########.#
###...######...........#
#### #############


You could see a worm.

Vanquished Creatures
  A ball python (D:2)
  An endoplasm (D:2)
  A hobgoblin (D:2)
  A bat (D:3)
4 creatures vanquished.

Notes
Turn   | Place    | Note
-------+----------+-------------------------------------------
     0 | D:5      | croobank the Felid Delver began the quest for the Orb.
     0 | D:5      | Reached XP level 1. HP: 10/10 MP: 2/2
    45 | D:5      | Noticed an iguana
    45 | D:5      | Noticed a hound
    64 | D:4      | Noticed an iguana
    66 | D:4      | Noticed an iguana
    89 | D:4      | Noticed a bullfrog
   428 | D:2      | Slain by a worm

Illustrated notes

Levels and vault maps discovered:
D:2:      layout_loops_ring, serial_shops, shop, basic_altar
D:3:      layout_basic
D:4:      layout_loops_ring, general_overflow_altar, serial_shops, shop,
          nicolae_concentric_dashed_squares_wild
D:5:      layout_rooms, dk_noncrumbling_2

Action                   || total
-------------------------++-------
Melee: Unarmed           ||    16
       Bite              ||     2
Evoke: Wand              ||     2
  Use: Scroll            ||     2
       Potion            ||     1
 Stab: Sleeping          ||     1
Dodge: Dodged            ||    11

Table legend: (Time is in decaauts)
 A = Elapsed time spent in this place.
 B = Non-inter-level travel time spent in this place.
 C = Inter-level travel time spent in this place.
 D = Time resting spent in this place.
 E = Time spent auto-exploring this place.
 F = Levels seen in this place.
 G = Mean time per level.
                   A        B        C        D        E       F      G
               +--------+--------+--------+--------+--------+-----+--------+
         Total |    348 |    348 |      0 |     73 |    117 |   4 |   87.0 |
       Dungeon |    348 |    348 |      0 |     73 |    117 |   4 |   87.0 |
               +--------+--------+--------+--------+--------+-----+--------+

Top non-repeatable levels by time:
     D:2: 230 daAuts
     D:5: 52 daAuts
     D:3: 36 daAuts
     D:4: 30 daAuts
